 Dungeon Crawl Stone Soup version 0.19.5 (webtiles) character file.

112 AAAAA the Shooter (level 4, 0/46 HPs)
             Began as a High Elf Hunter on Apr 15, 2017.
             Succumbed to an adder's poison
             ... on level 3 of the Dungeon.
             The game lasted 00:05:47 (2520 turns).

AAAAA the Shooter (High Elf Hunter)                 Turns: 2520, Time: 00:05:48

Health: 0/46       AC: 22    Str: 11    XL:     4   Next: 64%
Magic:  4/5        EV:  2    Int: 14    God:
Gold:   130        SH:  0    Dex: 17    Spells: 0 memorised, 3 levels left

rFire  . . .     SeeInvis .     b - +0 short sword
rCold  . . .     Gourm    .     (armour currently unavailable)
rNeg   + + +     Faith    .     (no shield)
rPois  +         Spirit   +     (helmet currently unavailable)
rElec  .         Reflect  .     (cloak currently unavailable)
rCorr  .         Harm     .     (gloves currently unavailable)
MR     .....     NoTele   +     (boots currently unavailable)
Stlth  ++........               q - amulet of guardian spirit
                                (no ring)
                                (no ring)

@: lethally poisoned (0 -> -2), exhausted, tree-form (expiring), slowed, very
slow
A: no striking features
a: no special abilities


You were on level 3 of the Dungeon.
You were not hungry.
You were a tree.
You visited 1 branch of the dungeon, and saw 3 of its levels.

You collected 130 gold pieces.

Inventory:

Hand Weapons
 a - a +1 shortbow
 b - a +0 short sword (weapon)
 l - a +0 quarterstaff
Missiles
 d - 38 arrows
Armour
 c - a +0 leather armour
 m - a +0 ring mail (melded)
Jewellery
 q - an amulet of guardian spirit (around neck)
Scrolls
 h - 2 scrolls of remove curse
 j - 2 scrolls of teleportation
 k - 2 scrolls of amnesia
 n - a scroll of fear {unknown}
 p - 2 scrolls of identify
 r - a scroll of random uselessness {unknown}
Comestibles
 f - 2 bread rations
 g - 6 fruits
 s - a beef jerky
 t - 2 chunks of flesh


   Skills:
 + Level 3.3 Fighting
 + Level 6.3 Bows
 + Level 3.4 Dodging
 - Level 1.1 Stealth


You had 3 spell levels left.
You didn't know any spells.

Dungeon Overview and Level Annotations

Branches:
Dungeon (3/15)

Altars:
Dithmenos
Nemelex Xobeh
Sif Muna
Xom


Message History

* * * LOW HITPOINT WARNING * * *
You feel sick.
b - a +0 short sword (weapon)
As you read the scroll labeled HYOTTAELUAL, it crumbles to dust.
It is a scroll of identify.
h - 2 scrolls of remove curse
* * * LOW HITPOINT WARNING * * *
You feel sick.
As you read the scroll of identify, it crumbles to dust.
k - 2 scrolls of amnesia Your transformation is almost over.
As you read the scroll of identify, it crumbles to dust.
j - 2 scrolls of teleportation
* * * LOW HITPOINT WARNING * * *
You feel sick.
As you read the scroll labeled NOLAQ JAAR, it crumbles to dust.
You feel aware of your surroundings.
You sensed 1 altar.
It was a scroll of magic mapping.
There is a lethal amount of poison in your body!
You die...

,,,*,*,,,,,*######.#########.....
,,,*,*,,,,,*#......).......'.....
,,,*,*,,,,,*#.####.#########.....
,,**,*,,,,,**,#..........# #.....
,,**,*,,,,,,,,#.##.#.#.#.# #.....
,,**,*,,.,,,,,#.##.#)#.#,* #.....
,,',,,,,...,,,#........#,* #.....
,,**,*,,.....#####.#...#.* #####.
,,,,>,,,......(†♣....<...# #.
******,*###.#..###.#######**** #.
*,* *,##.* #...,,,,,,,,* #.
*,****,*#.* #.)#####*##,* ##
*,,,,,,*#.* #..#...#..#,*
*************#.###..#...#..#,*
,,,,,,,,,,,,,.......#<.....#,*
*************##............#,*
.......,,,,*###.^^^......#.#,*


There were no monsters in sight!

Vanquished Creatures
  3 adders
  3 gnolls (D:3)
  An ooze (D:3)
  3 dart slugs (D:2)
  A leopard gecko (D:2)
  3 orcs (D:3)
  9 bats
  3 goblins
  5 hobgoblins
  3 quokkas
  2 ball pythons
  4 frilled lizards
  3 kobolds
  3 rats
46 creatures vanquished.

Notes
Turn   | Place    | Note
-------+----------+-------------------------------------------
     0 | D:1      | AAAAA the High Elf Hunter began the quest for the Orb.
     0 | D:1      | Reached XP level 1. HP: 14/14 MP: 2/2
   415 | D:1      | Reached XP level 2. HP: 18/19 MP: 3/3
  1141 | D:2      | Found a sparkling altar of Nemelex Xobeh.
  1306 | D:2      | Reached XP level 3. HP: 25/25 MP: 4/4
  1595 | D:2      | Found a deep blue altar of Sif Muna.
  1711 | D:3      | Found a shimmering altar of Xom.
  1763 | D:3      | Found a shadowy altar of Dithmenos.
  1793 | D:3      | Reached skill level 6 in Bows
  1797 | D:3      | Reached XP level 4. HP: 22/31 MP: 3/5
  2514 | D:3      | HP: 2/46 [poisoned by an adder]
  2520 | D:3      | Succumbed to an adder's poison

Skill      XL: |  1  2  3 |
---------------+----------+-----
Fighting       | 3 |  3.3
Bows           | 6 |  6.3
Dodging        | 3 |  3.4
Stealth        | |  1.1

Action                   |  1- 3 |  4- 6 || total
-------------------------+-------+-------++-------
Melee: Short sword       |   141 |    49 ||   190
       Shortbow          |       |     9 ||     9
 Fire: Shortbow          |    19 |    16 ||    35
  Use: Scroll            |       |     4 ||     4
       Potion            |       |     2 ||     2
  Eat: Chunk             |     3 |     2 ||     5
Armor: Ring mail         |    66 |    13 ||    79
       Leather armour    |     5 |       ||     5
       Skin              |       |    10 ||    10
Dodge: Dodged            |   109 |    35 ||   144
